 Dungeon Crawl Stone Soup version 0.26.1-12-g5ba1501909 (webtiles) character file.

Game seed: 4173114512066286924

112 CoveEight the Shield-Bearer (level 4, -4/40 HPs)
             Began as a Minotaur Fighter on Nov 29, 2021.
             Killed by nerve-wracking pain
             ... invoked by Menkaure
              (11 damage)
             ... on level 4 of the Dungeon.
             The game lasted 00:01:02 (693 turns).

CoveEight the Shield-Bearer (Minotaur Fighter)       Turns: 693, Time: 00:01:03

Health: -4/40      AC:  7    Str: 22    XL:     4   Next: 64%
Magic:  3/3        EV:  8    Int:  5    God:
Gold:   39         SH:  9    Dex:  9    Spells: 3/3 levels left

rFire    . . .     SeeInvis .   a - +0 war axe
rCold    . . .     Faith    .   c - +0 kite shield
rNeg     . . .     Spirit   .   b - +0 scale mail
rPois    .         Reflect  .   (helmet restricted)
rElec    .         Harm     .   (no cloak)
rCorr    .         Rampage  .   (no gloves)
Will     .....                  (no boots)
Stlth    ..........             (no amulet)
HPRegen  0.13/turn              (no ring)
MPRegen  0.08/turn              (no ring)

@: no status effects
A: retaliatory headbutt, horns 2
a: no special abilities


You were on level 4 of the Dungeon.
You visited 1 branch of the dungeon, and saw 4 of its levels.

You collected 39 gold pieces.

Inventory:

Hand Weapons
 a - a +0 war axe (weapon)
Missiles
 m - 4 boomerangs (quivered)
Armour
 b - a +0 scale mail (worn)
 c - a +0 kite shield (worn)
Jewellery
 j - an uncursed ring of fire {unknown}
 l - an uncursed ring of flight {unknown}
Scrolls
 e - a scroll of identify {unknown}
 f - a scroll of enchant weapon {unknown}
 i - 2 scrolls of noise {unknown}
 k - a scroll of fear {unknown}
Potions
 d - 2 potions of might
 g - a potion of brilliance {unknown}
 h - a potion of curing {unknown}


   Skills:
 + Level 4.1 Fighting
 * Level 3.7 Axes
 + Level 4.1 Armour
 + Level 1.7 Dodging
 * Level 4.7 Shields


You had 3 spell levels left.
You didn't know any spells.
Your spell library was empty.

Dungeon Overview and Level Annotations

Branches:
Dungeon (4/15)
 Temple: D:4-7

Altars:
Uskayaw

Annotations:
D:4 Menkaure


Innate Abilities, Weirdness & Mutations

You reflexively headbutt those who attack you in melee.
You have a pair of horns on your head.


Message History

Unknown command.
You barely miss Natasha.
Natasha is heavily wounded.
A white imp comes into view.
Natasha claws you but does no damage. The phantom hits you.
* * * LOW HITPOINT WARNING * * *
The phantom blinks!
Menkaure calls on the powers of darkness!
Your body is wracked with pain!
* * * LOW HITPOINT WARNING * * *
Natasha convulses!
Unknown command.
You hit Natasha.
You kill Natasha!
Natasha screams in pain as she dies!
Menkaure casts a spell at you.
You barely resist.
Menkaure gestures at you while chanting.
Pain shoots through your body!
You die...

##........##.........
.#....)....##.......8.
..... #..#.#............
.....# ##......PPPP...PP
#.....##...##..P♣.P...P.
#......#.#.##..P.♣P...P.
.......M.####...PPP...PP
......§#................
.......#...@............
.......#............#...
...M.#.#........<.......
........................
...#.....##.............
..5.......##............
.............##......
...#...#.##.## ..##.. #.
#. #.. ..


You could see Menkaure (fast).

Vanquished Creatures
  Jessica (D:2)
  Natasha (D:4)
  4 gnolls
  3 worms
  A dart slug (D:2)
  A leopard gecko (D:3)
  3 bats
  A giant cockroach (D:2)
  3 goblins
  2 hobgoblins (D:2)
  2 kobolds
  2 quokkas (D:2)
  2 frilled lizards (D:2)
  2 rats (D:2)
28 creatures vanquished.

Notes
Turn   | Place    | Note
-------+----------+-------------------------------------------
     0 | D:1      | CoveEight the Minotaur Fighter began the quest for the Orb.
     0 | D:1      | Reached XP level 1. HP: 19/19 MP: 0/0
   181 | D:2      | Reached XP level 2. HP: 27/27 MP: 1/1
   218 | D:2      | Found a hide-covered altar of Uskayaw.
   334 | D:2      | Noticed Jessica
   341 | D:2      | Killed Jessica
   342 | D:2      | Reached skill level 1 in Dodging
   342 | D:2      | Reached XP level 3. HP: 32/33 MP: 2/2
   457 | D:2      | Reached XP level 4. HP: 40/40 MP: 3/3
   684 | D:4      | Noticed Natasha
   684 | D:4      | Noticed a phantom
   685 | D:4      | Noticed Menkaure
   690 | D:4      | Killed Natasha
   693 | D:4      | Killed from afar by Menkaure

Illustrated notes

Levels and vault maps discovered:
D:1:      scummos_arrival_simple_fountains, layout_loops_ring
D:2:      layout_loops_ring, eat_drink_and_be_merry_uskayaw, uniq_jessica
D:3:      layout_rooms, xom_redecorated
D:4:      cheibrodos_greedy_goblins, layout_cave_pools, lemuel_round_altar,
          amethyst_overflow_temple_binary, serial_park, serial_park_square1
          [serial_park_minivault_5x5_5], serial_park_square2,
          serial_park_square2, uniq_menkaure, uniq_natasha

Skill      XL: |  1  2  3 |
---------------+----------+-----
Shields        | 4 |  4.7
Axes           | 3 |  3.7
Dodging        | 1 |  1.7
Armour         | 4 |  4.1
Fighting       | 4 |  4.1

Action                   |  1- 3 |  4- 6 || total
-------------------------+-------+-------++-------
Melee: War axe           |    46 |    22 ||    68
       Headbutt          |     7 |     2 ||     9
Armor: Scale mail        |    32 |     7 ||    39
Dodge: Dodged            |    14 |     9 ||    23
Block: Kite shield       |    27 |    16 ||    43
